 Dungeon Crawl Stone Soup version 0.30.1-3-gfc49f6343a (webtiles) character file.

Game seed: 9950955753336696005

214142 cheesebisquit the Brawler (level 18, -4/185 HPs)
             Began as a Troll Fighter on July 20, 2023.
             Was the Champion of Cheibriados.
             Slain by an alligator snapping turtle (41 damage)
             ... on level 4 of the Shoals.
             The game lasted 01:55:24 (31231 turns).

cheesebisquit the Brawler (Troll Fighter)          Turns: 31231, Time: 01:55:25

Health: -4/185     AC:  8    Str: 53    XL:     18   Next: 29%
Magic:  25/25      EV: 21    Int: 24    God:    Cheibriados [******]
Gold:   2198       SH: 30    Dex: 23    Spells: 17/17 levels left

rFire   x .          .
                       - Unarmed
rCold   . . .        h - +10 tower shield of Poty {Str+5 SInv}
rNeg    . . .        T - +0 troll leather armour
rPois   +            P - +2 hat
rElec   .            O - scarf {repulsion}
rCorr   .            (gloves unavailable)
SInv    +            (boots unavailable)
Will    +....        r - amulet of faith
Stlth   ++           Q - +5 ring of evasion
HPRegen 2.10/turn    A - ring of poison resistance
MPRegen 0.19/turn

%: repel missiles, clarity, faith
@: mighty, very slow
A: large, unfitting armour, claws 3, regeneration 1, shaggy fur 1, tough skin 1,
clarity, strong 1, heat vulnerability 1
}: 1/15 runes: gossamer
a: Renounce Religion, Bend Time, Temporal Distortion, Slouch, Step From Time


You were on level 4 of the Shoals.
You worshipped Cheibriados.
Cheibriados was exalted by your worship.
You visited 6 branches of the dungeon, and saw 31 of its levels.
You visited the Abyss 1 time.

You collected 3318 gold pieces.
You spent 1120 gold pieces at shops.

Inventory:

Hand Weapons
 b - the +8 trident "Woyni" {freeze, rN+}
   (You found it on level 1 of the Lair of Beasts)

   rN:        It protects you from negative energy.
Missiles
 j - 3 curare-tipped darts
 m - 6 boomerangs (quivered)
 B - 21 poisoned darts
 N - 2 throwing nets
 S - 58 large rocks
 W - 4 boomerangs of dispersal
 X - 3 atropa-tipped darts
Armour
 h - the +10 tower shield of Poty (worn) {Str+5 SInv}
   (You acquired it on level 2 of the Orcish Mines)

   Str:       It affects your strength (+5).
   SInv:      It lets you see invisible.
 O - a scarf of repulsion (worn)
 P - a +2 hat (worn)
 T - a +0 troll leather armour (worn)
Jewellery
 c - a ring of see invisible
 r - an amulet of faith (around neck)
 t - a +6 ring of intelligence
 A - a ring of poison resistance (right claw)
 J - a ring of magical power
 Q - a +5 ring of evasion (left claw)
 Z - an amulet of regeneration
Wands
 a - a wand of digging (5)
 f - a wand of iceblast (5)
 x - a wand of charming (15)
 y - a wand of quicksilver (21)
 K - a wand of mindburst (19)
 L - a wand of flame (42)
 Y - a wand of polymorph (18)
Scrolls
 e - 5 scrolls of vulnerability
 g - 6 scrolls of magic mapping
 k - 4 scrolls of fear
 l - 16 scrolls of teleportation
 n - 3 scrolls of fog
 o - 2 scrolls of torment
 q - 5 scrolls of enchant weapon
 s - 6 scrolls of immolation
 w - a scroll of butterflies
 z - 5 scrolls of poison
 C - 3 scrolls of amnesia
 E - a scroll of brand weapon
 G - 10 scrolls of identify
 R - a scroll of blinking
Potions
 d - 8 potions of brilliance
 i - 8 potions of curing
 p - 2 potions of mutation
 u - 4 potions of magic
 v - 2 potions of cancellation
 D - 4 potions of lignification
 F - 5 potions of attraction
 H - 5 potions of flight
 I - 6 potions of heal wounds
 M - 8 potions of ambrosia
 U - 9 potions of resistance


   Skills:
 + Level 13.0 Fighting
 - Level 9.9 Dodging
 - Level 13.3 Shields
 * Level 20.9 Unarmed Combat
 + Level 11.5 Invocations


You had 17 spell levels left.
You didn't know any spells.
Your spell library contained the following spells:

 Spells                   Type           Power      Damage    Failure   Level
 Apportation              Tloc           0%         N/A       26%         1
 Beastly Appendage        Tmut           0%         N/A       26%         1
 Necrotise                Necr           0%         1d4       26%         1
 Sandblast                Erth           0%         2d4       26%         1
 Summon Small Mammal      Summ           0%         N/A       26%         1
 Blink                    Tloc           0%         N/A       36%         2
 Cigotuvi's Dreadful Rot  Necr/Pois/Air  0%         N/A       36%         2
 Lesser Beckoning         Tloc           0%         N/A       36%         2
 Momentum Strike          Conj/Tloc      0%         3d8       36%         2
 Passwall                 Tmut/Erth      0%         N/A       36%         2
 Wereblood                Tmut           0%         N/A       36%         2
 Call Canine Familiar     Summ           0%         N/A       58%         3
 Inner Flame              Hex/Fire       0%         N/A       58%         3
 Ozocubu's Armour         Ice            0%         N/A       58%         3
 Spider Form              Tmut/Pois      0%         N/A       58%         3
 Stone Arrow              Conj/Erth      0%         3d7       58%         3
 Summon Guardian Golem    Hex/Summ       0%         N/A       58%         3
 Tukima's Dance           Hex            0%         N/A       58%         3
 Vhi's Electric Charge    Tloc/Air       0%         N/A       58%         3
 Volatile Blastmotes      Fire/Tloc      0%         2d10      58%         3
 Dispel Undead            Necr           0%         3d6       94%         4
 Flame Wave               Conj/Fire      0%         2d4       94%         4
 Fulminant Prism          Conj/Hex       0%         3d5       94%         4
 Iskenderun's Mystic Bla  Conj/Tloc      0%         2d3       94%         4
 Passage of Golubria      Tloc           0%         N/A       94%         4
 Sticky Flame             Conj/Fire      0%         2d3       94%         4
 Arcjolt                  Conj/Air       0%         1d10      100%        5
 Lee's Rapid Deconstruct  Erth           0%         3d4*      100%        5
 Yara's Violent Unravell  Hex/Tmut       0%         3d3       100%        5
 Conjure Ball Lightning   Conj/Air       0%         3x3d6     100%        6
 Death Channel            Necr           0%         N/A       100%        6
 Plasma Beam              Fire/Air       0%         2x1d11    100%        6
 Ozocubu's Refrigeration  Ice            0%         4d7       100%        7
 Discord                  Hex            0%         N/A       100%        8
 Disjunction              Tloc           0%         N/A       100%        8


Dungeon Overview and Level Annotations

Branches:
Dungeon (15/15)            Temple (1/1) D:5            Lair (5/5) D:10
 Shoals (4/4) Lair:2       Spider (4/4) Lair:2        Slime (0/5) Lair:4
    Orc (2/2) D:10            Elf (0/3) Orc:2        Vaults (0/5) D:13
 Depths (0/4) D:15

Altars:
Ashenzari
Cheibriados
Dithmenos
Elyvilon
Fedhas
Gozag
Hepliaklqana
Kikubaaqudgha
Makhleb
Nemelex Xobeh
Okawaru
Qazlal
Ru
Sif Muna
Trog
Uskayaw
Vehumet
Wu Jian
Xom
Yredelemnul
Zin
The Shining One
Jiyva

Shops:
D:3 !   Orc:2 (*=[

Portals:
Hell: Lair:5
Abyss: Lair:2

Annotations:
D:13 3 runed translucent doors, Tyhinn Peab's ghost, journeyman DsFi
Lair:4 2 transporters, 1 runed translucent door, ZoeForever1's ghost, journeyman DrTm
Shoals:3 2 transporters, exclusion: orange crystal statue


Innate Abilities, Weirdness & Mutations

You are too large for most types of armour.
You have claws for hands.
Your natural rate of healing is unusually fast.
You are covered in fur. (AC +1)
You have tough skin. (AC +1)
You possess an exceptional clarity of mind.
Your muscles are strong. (Str +4, Int/Dex -1)
You are vulnerable to heat. (rF-)


Message History

The alligator snapping turtle completely misses you.
The merfolk impaler barely misses you. You block the merfolk's attack.
The alligator snapping turtle bites you from afar!
You eviscerate the merfolk impaler!!!
The merfolk impaler is heavily wounded.
You block the manticore's attack. x3; You block the merfolk impaler's attack.
The alligator snapping turtle closely misses you.
You barely miss the merfolk impaler.
The merfolk impaler is heavily wounded.
You block the merfolk impaler's attack. The merfolk closely misses you.
You block the manticore's attack. The manticore claws you.
The manticore closely misses you.
The alligator snapping turtle misses you.
You eviscerate the merfolk impaler!!!
You kill the merfolk impaler!
Cheibriados appreciates the change of pace.
You block the merfolk's attack.
The alligator snapping turtle bites you from afar!!
* * * LOW HITPOINT WARNING * * *
You mangle the merfolk!!
The merfolk is heavily wounded.
The manticore bites you but does no damage.
You block the manticore's attack. The manticore completely misses you.
The alligator snapping turtle bites you from afar!
* * * LOW HITPOINT WARNING * * *
You scratch the merfolk.
The merfolk is heavily wounded.
You block the merfolk's attack.
The alligator snapping turtle closely misses you.
You block the manticore's attack. x2; The manticore closely misses you.
You barely miss the merfolk.
The merfolk is heavily wounded.
You block the merfolk's attack.
You block the alligator snapping turtle's attack.
You mangle the merfolk!!
You kill the merfolk!
Cheibriados thoroughly appreciates the change of pace.
The manticore completely misses you. x2; The manticore misses you.
The alligator snapping turtle bites you from afar!!!
You die...

....##...~~~≈~~.
....#...~~~~~~~. #
....<...~~~~~~. #.
#..~<~~~~~~. #.
##...~~~~~~~ ##..
#...~~~~~~~
.....###<.~≈~~~~~~
....~.†)#.~~~~~~~~
.....tH@#.m~~~~~~~
......))).~~~~~~~~
..).~t~~~~~~~~~~~~
...~~≈~~~~~~~~~.~
....~~~~~~~~~~~..
....~~~~~~~~~~P~
..........~~~~~
..........~~~~~


You could see 2 alligator snapping turtles and a manticore.

Vanquished Creatures
  Polyphemus (Shoals:3)
  Gastronok (Lair:1)
  Agnes (Spider:4)
  Frances (Shoals:1)
  2 emperor scorpions
  6 ghost moths
  An orc warlord (Orc:2)
  The ghost of suzumiya the Severer, a journeyman MiGl of Makhleb (Lair:2)
  Snorg (D:13)
  A spark wasp (Spider:4)
  An ettin (D:15)
  2 merfolk javelineers (Shoals:2)
  4 merfolk impalers
  Fannar (Lair:1)
  A rakshasa (Lair:2)
  2 entropy weavers
  6 hydras
  4 jorogumos
  8 merfolk avatars
  5 boulder beetles
  3 centaur warriors
  3 ogre magi
  A satyr (Shoals:3)
  2 catoblepae
  11 two-headed ogres
  An alligator snapping turtle (Shoals:3)
  A death knight (D:15)
  A radroach (Spider:2)
  3 merfolk aquamancers
  3 thrashing horrors
  12 death yaks
  2 tengu warriors (D:15)
  2 orc high priests (Orc:2)
  A sun demon (Lair:5)
  6 pharaoh ants
  The ghost of jujuben the Covert, a novice GnDe of Nemelex Xobeh (D:7)
  2 sun moths (Spider:1)
  A skeletal warrior (D:15)
  11 sea snakes
  4 skysharks
  9 orb spiders
  4 orc knights
  2 harpies (Lair:2)
  2 oklob plants
  A steelbarb worm (Spider:1)
  4 necromancers
  A wizard (Lair:5)
  A phantasmal warrior (D:15)
  2 deep elf pyromancers
  6 orc sorcerers
  15 ugly things
  14 wolf spiders
  17 fauns
  The ghost of Rem the Martial Artist, a novice OpTm of Wu Jian (D:7)
  12 manticores
  A moth of wrath (Spider:4)
  10 cyclopes
  7 elephants
  10 merfolk sirens
  3 gargoyles
  3 black mambas
  Maggie (D:10)
  8 orange demons
  6 torpor snails
  3 demonic crawlers
  3 water nymphs
  10 komodo dragons
  11 cane toads
  A kobold demonologist (D:10)
  5 rime drakes
  2 unseen horrors
  2 freezing wraiths
  An ice devil (Lair:5)
  2 ancient zymes
  A tengu conjurer (D:14)
  10 meliai
  3 red devils (D:15)
  3 trolls
  A hellwing (Lair:5)
  A polar bear (Lair:4)
  4 wind drakes
  23 merfolk
  A hornet (D:7)
  18 blink frogs
  23 tarantellas
  A raiju (Abyss:2)
  16 dream sheep
  6 snapping turtles
  17 culicivoras
  38 jumping spiders
  6 slime creatures
  A water elemental (Shoals:3)
  2 shadows
  6 wraiths
  8 wyverns
  49 yaks
  A spriggan (Lair:2)
  A human (shapeshifter) (D:13)
  4 basilisks
  4 humans (Lair:3)
  2 vampires
  3 chaos spawn (D:8)
  A neqoxec (Abyss:2)
  34 redbacks
  A large abomination (Abyss:2)
  Grum (Lair:1)
  4 wargs
  6 vampire mosquitoes (D:13)
  3 acid dragons
  14 water moccasins
  4 hell hounds (Lair:5)
  36 orc warriors
  2 meliai simulacra
  2 sky beasts
  A black bear (D:4)
  4 ice beasts
  3 centaurs
  7 ogres
  18 wolves
  3 boggarts (D:14)
  5 kobold brigands
  6 bullfrogs
  Blork the orc (D:4)
  2 gnoll sergeants
  A wyvern zombie (D:7)
  2 cyclops zombies (Orc:1)
  2 scorpions
  A warg zombie (Orc:1)
  3 cyclops skeletons (Orc:1)
  11 wights
  27 killer bees
  3 electric eels
  2 howler monkeys
  A hound (D:6)
  A jelly (D:6)
  16 orc priests
  2 iguanas
  20 orc wizards
  A sleepcap (D:5)
  6 hell rats
  A killer bee zombie (D:7)
  13 gnolls
  5 adders
  2 shadow imps
  3 white imps (D:7)
  An orc simulacrum (Orc:1)
  3 worms
  A dart slug (D:1)
  70 orcs
  5 ball pythons
  4 endoplasms
  A giant cockroach (D:1)
  2 hobgoblins
  4 quokkas
  14 bats
  2 frilled lizards (D:1)
  8 goblins
  25 kobolds
  A rat (D:1)
976 creatures vanquished.

Vanquished Creatures (others)
  2 boggarts (D:14)
  An orc wizard (D:10)
  4 tentacles (Shoals:3)
7 creatures vanquished.

Grand Total: 983 creatures vanquished

Notes
Turn   | Place    | Note
-------+----------+-------------------------------------------
     0 | D:1      | cheesebisquit the Troll Fighter began the quest for the
                  | Orb.
     0 | D:1      | Reached XP level 1. HP: 22/22 MP: 0/0
   485 | D:1      | Reached XP level 2. HP: 29/29 MP: 1/1
  1242 | D:2      | Reached XP level 3. HP: 30/36 MP: 2/2
  1411 | D:2      | Found a shimmering altar of Xom.
  1417 | D:2      | Reached skill level 3 in Unarmed Combat
  1706 | D:3      | Found Avuot's Distillery.
  1714 | D:3      | Bought a potion of curing for 42 gold pieces
  1714 | D:3      | Bought a potion of heal wounds for 70 gold pieces
  1738 | D:3      | Found a snail-covered altar of Cheibriados.
  1744 | D:3      | Became a worshipper of Cheibriados the Contemplative
  1836 | D:3      | Reached XP level 4. HP: 44/44 MP: 3/3
  2434 | D:4      | Noticed Blork the orc
  2439 | D:4      | Killed Blork the orc
  2440 | D:4      | Reached skill level 4 in Unarmed Combat
  2440 | D:4      | Reached XP level 5. HP: 40/53 MP: 4/4
  2603 | D:4      | Noticed a black bear
  2715 | D:4      | Killed a black bear
  2766 | D:4      | Found a glowing golden altar of the Shining One.
  3041 | D:5      | Entered Level 5 of the Dungeon
  3054 | D:5      | Reached XP level 6. HP: 45/61 MP: 5/5
  3105 | D:5      | Found a shimmering blue altar of Sif Muna.
  3161 | D:5      | Reached skill level 5 in Unarmed Combat
  3168 | D:5      | Reached * piety under Cheibriados
  3205 | D:5      | Found a staircase to the Ecumenical Temple.
  3224 | Temple   | Entered the Ecumenical Temple
  3548 | D:5      | Found a radiant altar of Vehumet.
  3898 | D:5      | Reached XP level 7. HP: 68/68 MP: 6/6
  4033 | D:6      | Reached skill level 6 in Unarmed Combat
  4432 | D:3      | Bought a potion of heal wounds for 70 gold pieces
  4432 | D:3      | Bought 2 potions of curing for 84 gold pieces
  4548 | D:6      | Reached ** piety under Cheibriados
  4762 | D:6      | Reached skill level 5 in Shields
  4762 | D:6      | Reached XP level 8. HP: 75/79 MP: 7/7
  4885 | D:6      | Reached skill level 7 in Unarmed Combat
  5025 | D:7      | Noticed jujuben's ghost (novice GnDe)
  5028 | D:7      | Found a runed translucent door.
  5045 | D:7      | Found a stormy altar of Qazlal.
  5269 | D:7      | Reached skill level 5 in Fighting
  5354 | D:7      | Reached skill level 8 in Unarmed Combat
  5395 | D:7      | Noticed a hornet
  5405 | D:7      | Killed a hornet
  5405 | D:7      | Reached *** piety under Cheibriados
  5490 | D:7      | Reached XP level 9. HP: 88/88 MP: 8/8
  5562 | D:7      | Found a runed translucent gate.
  5562 | D:7      | Found a runed translucent gate.
  5562 | D:7      | Found a runed translucent gate.
  5562 | D:7      | Noticed Rem's ghost (novice OpTm)
  5564 | D:7      | Found a basalt altar of Yredelemnul.
  5602 | D:7      | Found a broken altar of Ashenzari.
  5686 | D:7      | Found a white marble altar of Elyvilon.
  5718 | D:7      | Found a glowing silver altar of Zin.
  5767 | D:7      | Reached skill level 9 in Unarmed Combat
  6255 | D:7      | Reached **** piety under Cheibriados
  6881 | D:8      | Reached skill level 10 in Unarmed Combat
  6973 | D:8      | Reached ***** piety under Cheibriados
  7108 | D:8      | Found the +7 mace of Variability {chaos, chaos arc}
  7110 | D:8      | Found a shimmering altar of Xom.
  7127 | D:8      | Reached XP level 10. HP: 76/100 MP: 9/9
  7330 | D:8      | Found a sacrificial altar of Ru.
  7539 | D:8      | Found a burning altar of Makhleb.
  7771 | D:9      | Reached skill level 11 in Unarmed Combat
  7798 | D:9      | Identified the +7 falchion of Discord {holy, rN++ Str+4}
  7992 | D:9      | Found a hazy altar of Hepliaklqana.
  8568 | D:9      | Found an iron altar of Okawaru.
  8753 | D:10     | Entered Level 10 of the Dungeon
  8772 | D:10     | Noticed Maggie
  8782 | D:10     | Killed Maggie
  8788 | D:10     | Found a hide-covered altar of Uskayaw.
  8885 | D:10     | Reached skill level 12 in Unarmed Combat
  8910 | D:10     | Reached ****** piety under Cheibriados
  8931 | D:10     | Found a staircase to the Orcish Mines.
  9092 | D:10     | Reached XP level 11. HP: 95/109 MP: 10/10
  9140 | D:10     | Noticed a two-headed ogre
  9151 | D:10     | Killed a two-headed ogre
  9353 | D:10     | Found a staircase to the Lair.
  9649 | D:11     | Reached skill level 1 in Invocations
  9652 | D:11     | Noticed a two-headed ogre
  9661 | D:11     | Killed a two-headed ogre
 10027 | D:11     | Noticed a boulder beetle
 10035 | D:11     | Killed a boulder beetle
 10087 | D:11     | Noticed a boulder beetle
 10107 | D:11     | Killed a boulder beetle
 10108 | D:11     | Reached skill level 13 in Unarmed Combat
 10243 | D:11     | Noticed a boulder beetle
 10256 | D:11     | Killed a boulder beetle
 11194 | D:7      | Killed jujuben's ghost
 11195 | D:7      | Reached XP level 12. HP: 122/122 MP: 13/13
 11304 | D:7      | Killed Rem's ghost
 11503 | Lair:1   | Entered Level 1 of the Lair of Beasts
 11550 | Lair:1   | Found a blossoming altar of Fedhas.
 11725 | Lair:1   | Noticed Gastronok
 11736 | Lair:1   | Killed Gastronok
 11997 | Lair:1   | Noticed Fannar
 12163 | Lair:1   | Noticed Grum
 12170 | Lair:1   | Killed Grum
 12177 | Lair:1   | Reached skill level 14 in Unarmed Combat
 12243 | Lair:1   | Identified the +8 trident "Woyni" {freeze, rN+}
 13047 | Lair:1   | Killed Fannar
 13048 | Lair:1   | Reached skill level 5 in Dodging
 13113 | Lair:2   | Found a hole to the Spider Nest.
 13485 | Lair:2   | Reached skill level 5 in Invocations
 13491 | Lair:2   | Reached skill level 10 in Shields
 13535 | Lair:2   | Noticed a five-headed hydra
 13546 | Lair:2   | Killed a five-headed hydra
 13547 | Lair:2   | Reached XP level 13. HP: 121/131 MP: 15/15
 13618 | Lair:2   | Found a staircase to the Shoals.
 13722 | Lair:2   | Found a transporter.
 13770 | Lair:2   | Found a transporter.
 13986 | Lair:2   | Noticed suzumiya's ghost (journeyman MiGl)
 13988 | Lair:2   | Found a one-way gate to the infinite horrors of the Abyss.
 14252 | Lair:3   | Reached skill level 15 in Unarmed Combat
 14692 | Lair:3   | Reached XP level 14. HP: 141/141 MP: 17/17
 15053 | Lair:3   | Reached skill level 10 in Fighting
 15053 | Lair:3   | Reached skill level 16 in Unarmed Combat
 15315 | Lair:4   | Found a transporter.
 15351 | Lair:4   | Found a transporter.
 15351 | Lair:4   | Noticed ZoeForever1's ghost (journeyman DrTm)
 16053 | Lair:4   | Found a runed translucent door.
 16054 | Lair:4   | Found a viscous altar of Jiyva.
 16054 | Lair:4   | Noticed an acid blob
 16057 | Lair:4   | Found a staircase to the Slime Pits.
 16276 | Lair:5   | Entered Level 5 of the Lair of Beasts
 16514 | Lair:5   | Reached XP level 15. HP: 149/149 MP: 19/19
 17007 | Abyss:2  | Cast into level 2 of the Abyss (a wizard)
 17073 | Abyss:2  | Found a corrupted altar of Lugonu.
 17093 | Abyss:2  | Noticed a bone dragon
 17154 | Abyss:2  | Gained mutation: You are dopey. (Int -2) [a neqoxec]
 17232 | Lair:5   | Escaped the Abyss
 17256 | Lair:5   | Found a burning altar of Makhleb.
 17355 | Lair:5   | Found a gateway to Hell.
 17362 | Lair:5   | Identified the +8 spear of Pandemonium {speed, rN++}
 17442 | Lair:5   | Reached skill level 17 in Unarmed Combat
 17771 | Lair:2   | Killed suzumiya's ghost
 17860 | Lair:2   | Lost mutation: You are dopey. (Int -2) [potion of mutation]
 17860 | Lair:2   | Gained mutation: You are robust. (+10% HP) [potion of
                  | mutation]
 17860 | Lair:2   | Gained mutation: You are vulnerable to heat. (rF-) [potion
                  | of mutation]
 17860 | Lair:2   | Gained mutation: You are partially covered in large bone
                  | plates. (SH +4) [potion of mutation]
 17867 | Lair:2   | Lost mutation: You are partially covered in large bone
                  | plates. (SH +4) [potion of mutation]
 17867 | Lair:2   | Lost mutation: You are robust. (+10% HP) [potion of
                  | mutation]
 17867 | Lair:2   | Gained mutation: Your muscles are strong. (Str +4, Int/Dex
                  | -1) [potion of mutation]
 17867 | Lair:2   | Gained mutation: You possess an exceptional clarity of
                  | mind. [potion of mutation]
 17929 | Orc:1    | Entered Level 1 of the Orcish Mines
 18720 | D:3      | Bought 3 potions of heal wounds for 210 gold pieces
 18720 | D:3      | Bought a potion of resistance for 140 gold pieces
 18720 | D:3      | Bought a potion of lignification for 42 gold pieces
 18720 | D:3      | Bought a potion of resistance for 140 gold pieces
 19003 | Orc:2    | Entered Level 2 of the Orcish Mines
 19178 | Orc:2    | Found Nijuon's General Store.
 19211 | Orc:2    | Bought a potion of heal wounds for 70 gold pieces
 19211 | Orc:2    | Bought a scroll of teleportation for 42 gold pieces
 19211 | Orc:2    | Bought a potion of curing for 42 gold pieces
 19211 | Orc:2    | Bought a scroll of identify for 28 gold pieces
 19211 | Orc:2    | Bought a potion of resistance for 140 gold pieces
 19213 | Orc:2    | Identified a scroll of acquirement
 19214 | Orc:2    | Acquired the +10 tower shield of Poty {Str+5 SInv}
 19241 | Orc:2    | Found Sifiest's Antique Weapon Shoppe.
 19318 | Orc:2    | Found Mexuuqymm's Antique Armour Boutique.
 19469 | Orc:2    | Found a staircase to the Elven Halls.
 19532 | Orc:2    | Found Reulum's Jewellery Emporium.
 20244 | D:13     | Found a runed translucent gate.
 20244 | D:13     | Found a runed translucent gate.
 20244 | D:13     | Found a runed translucent gate.
 20509 | D:13     | Identified the +1 robe of Inviolability {rF++ Will- Str+2
                  | Dex-5}
 20641 | D:13     | Paralysed by an ogre mage for 2 turns
 20642 | D:13     | Found a gate to the Vaults.
 20890 | D:13     | Noticed Snorg
 20899 | D:13     | Killed Snorg
 21050 | D:13     | Noticed Tyhinn Peab's ghost (journeyman DsFi)
 21420 | D:14     | Reached XP level 16. HP: 162/162 MP: 21/21
 21615 | D:14     | You fall into a shaft and drop 1 floor!
 21615 | D:15     | Entered Level 15 of the Dungeon
 21818 | D:14     | Reached skill level 18 in Unarmed Combat
 22685 | D:15     | Found a staircase to the Depths.
 22893 | Spider:1 | Entered Level 1 of the Spider Nest
 24497 | Spider:2 | Identified the +6 short sword of Qazlal, Disbelieving
                  | {drain, Int+6}
 25074 | Spider:3 | Reached skill level 19 in Unarmed Combat
 25574 | Spider:3 | Reached XP level 17. HP: 126/172 MP: 23/23
 26013 | Spider:4 | Entered Level 4 of the Spider Nest
 26102 | Spider:4 | Noticed Agnes
 26110 | Spider:4 | Killed Agnes
 26126 | Spider:4 | Reached skill level 10 in Invocations
 27433 | Spider:4 | Got a gossamer rune of Zot
 27634 | Shoals:1 | Entered Level 1 of the Shoals
 28457 | Shoals:1 | Reached skill level 20 in Unarmed Combat
 28462 | Shoals:1 | Noticed Frances
 28471 | Shoals:1 | Killed Frances
 29167 | Shoals:2 | Found the +8 Wrath of Trog {antimagic, *Rage Rampage}
 29781 | Shoals:3 | Noticed a kraken
 29987 | Shoals:3 | Reached XP level 18. HP: 184/184 MP: 25/25
 30534 | Shoals:3 | Found a transporter.
 30602 | Shoals:3 | Found a transporter.
 31150 | Shoals:4 | Entered Level 4 of the Shoals
 31151 | Shoals:4 | Noticed Polyphemus
 31178 | Shoals:3 | Killed Polyphemus
 31231 | Shoals:4 | Slain by an alligator snapping turtle

Illustrated notes

Levels and vault maps discovered:
D:1:      dpeg_arrival_ternary, layout_basic, kennysheep_nondescript
D:2:      layout_loops_ring, basic_altar, nrook_mini_vaults
D:3:      layout_basic, old_standard_altar, serial_shops, shop
D:4:      layout_gridville, kennysheep_little_box, uniq_blork_the_orc
D:5:      layout_gridville, nicolae_vehumet_altar_sigil,
          mainiacjoe_overflow_boulevard, minmay_temple_entry_glassed_door
D:6:      layout_loops_ring, grunt_ministairs_14
D:7:      wad_crossroads, layout_loops_corners, elyvilon_altar_1,
          nicolae_yredelemnul_ghost_church, lemuel_crystal_altar,
          ashenzari_conservatory_becter, mainiacjoe_overflow_catwalk,
          hellmonk_ghost_happy_afterlife, kennysheep_small_circle
D:8:      layout_gridville, mainiacjoe_overflow_alcove_1, hangedman_ru_absence,
          minmay_guarded_unrand_variability
D:9:      layout_long_grid, nicolae_overflow_crystal_walls, marbit_many_paths,
          abandoned_shop, serial_bayou_pond_c
D:10:     layout_roguey, lemuel_doored_altar, david_lair_shrubbed, erik_orc_3,
          minmay_misc_feat_iff, uniq_maggie
D:11:     layout_cave_pools
D:12:     layout_rooms, nicolae_twisting_strands
D:13:     layout_irregular_city, david_vaults_2, gammafunk_ghost_icy,
          minmay_alternating_orb, uniq_snorg
D:14:     layout_roguey
D:15:     hangedman_depths_entry_civil_slaughter, layout_irregular_city,
          amcnicky_mini_pool_small, minmay_beelzebubs_servants
Temple:   nicolae_temple_godpark
Lair:1:   layout_layer_cave, eino_small_chamber_without_monster, tgw_fedhas,
          uniq_gastronok, uniq_fannar, uniq_grum
Lair:2:   layout_small_grid, nicolae_shoals_entry_roost,
          hellmonk_spider_entry_not_the_bees, gammafunk_ghost_abyssal_escape,
          lemuel_fruit_tree
Lair:3:   slaughterhouse, layout_gridlike
Lair:4:   layout_loops_ring, slime_entry_2, gammafunk_ghost_arena, minivault_27,
          roderic_batcave
Lair:5:   evil_forest, layout_regular_city
Shoals:1: layout_shoals, nicolae_shoals_water_booths, uniq_frances
Shoals:2: layout_shoals, st_sunken_huts
Shoals:3: gammafunk_sealed_arena, layout_shoals,
          nicolae_shoals_stone_sculpture_thing
Shoals:4: shoals_end_grunt_ice, layout_shoals, serial_shops,
          nicolae_shop_statue_plus, uniq_polyphemus
Spider:1: layout_spider_delve, nicolae_spider_spiderdrome
Spider:2: layout_spider_delve
Spider:3: layout_spider_delve, hangedman_spider_tarantella_strand,
          nicolae_spider_cling_halls
Spider:4: grunt_spider_rune_island, uniq_agnes
Orc:1:    dreamdust_under_siege, layout_caves
Orc:2:    grunt_orc_gardens, layout_diamond_mine, grunt_orc_garden,
          grunt_orc_garden, grunt_orc_garden, grunt_orc_garden, mines2_david

Skill      XL: |  1  2  3  4  5  6  7  8  9 10 11 12 13 14 15 16 17 18 |
---------------+-------------------------------------------------------+-----
Shields        | 3 4 5 6 7 8 9 10 11 12 13 | 13.3
Unarmed Combat | 3 4 5 6 8 10 12 13 14 15 16 17 19 20 | 20.9
Fighting       | 3 4 5 6 7 8 9 10 11 12 13 | 13.0
Invocations    | 3 5 6 7 8 9 11 | 11.5
Dodging        | 4 5 6 7 8 9 |  9.9

Action                     |  1- 3 |  4- 6 |  7- 9 | 10-12 | 13-15 | 16-18 || total
---------------------------+-------+-------+-------+-------+-------+-------++-------
  Melee: Unarmed           |    70 |   100 |   261 |   585 |   848 |  1034 ||  2898
         Trident           |       |       |       |       |    12 |     6 ||    18
  Throw: Dart              |       |     3 |    12 |   194 |    40 |   139 ||   388
         Boomerang         |       |       |    28 |     2 |   207 |   206 ||   443
         Large rock        |       |       |       |       |    14 |     4 ||    18
         Throwing net      |       |       |       |       |       |     2 ||     2
 Invoke: Temporal Distorti |       |       |       |       |       |     9 ||     9
         Slouch            |       |       |       |       |       |     2 ||     2
  Evoke: Wand              |       |       |     7 |     6 |       |       ||    13
    Use: Potion            |       |     4 |     5 |     7 |    14 |     8 ||    38
         Scroll            |       |       |    11 |    11 |    12 |     7 ||    41
   Stab: Sleeping          |       |     1 |     1 |     2 |     1 |       ||     5
         Invisible         |       |       |     2 |       |       |     8 ||    10
         Petrified         |       |       |       |       |     1 |       ||     1
 Armour: Robe              |    23 |    21 |    48 |    24 |       |       ||   116
         Troll leather arm |       |       |       |    19 |   101 |    80 ||   200
  Dodge: Dodged            |    19 |    27 |   113 |   141 |   584 |   437 ||  1321
         Repelled          |       |       |       |     3 |     7 |     7 ||    17
  Block: Kite shield       |    17 |    41 |   170 |   265 |   617 |       ||  1110
         Tower shield      |       |       |       |       |    39 |  1378 ||  1417
